 Dungeon Crawl Stone Soup version 0.31-a0-4-gefa6de2278 (webtiles) character file.

Game seed: 8658334182042165770

2921 Pimp the Trooper (level 9, 0/79 HPs)
             Began as a Red Draconian Fighter on May 3, 2023.
             Was an Initiate of Vehumet.
             Succumbed to a killer bee's poison
             ... on level 7 of the Dungeon.
             The game lasted 00:12:38 (6285 turns).

Pimp the Trooper (Red Draconian Fighter)            Turns: 6285, Time: 00:12:38

Health: 0/79       AC: 10    Str: 20    XL:     9   Next: 50%
Magic:  14/14      EV: 13    Int: 12    God:    Vehumet [......]
Gold:   307        SH:  5    Dex: 10    Spells: 13/15 levels left

rFire   + . .        a - +0 war axe
rCold   . . .        b - +0 buckler
rNeg    . . .        (body armour unavailable)
rPois   .            (helmet restricted)
rElec   .            o - scarf {repulsion}
rCorr   .            (no gloves)
SInv    .            y - +2 pair of boots
Will    +....        (no amulet)
Stlth   +            d - ring of willpower
HPRegen 0.33/turn    g - ring of flight
MPRegen 0.14/turn

%: repel missiles
@: mighty, lethally poisoned (0 -> -7), short of breath, flying, invisible
A: breathe fire, AC +7, unfitting armour, fire resistance 1, cold-blooded
a: Breathe Fire, Renounce Religion


You were on level 7 of the Dungeon.
You worshipped Vehumet.
Vehumet was noncommittal.
You visited 1 branch of the dungeon, and saw 7 of its levels.

You collected 307 gold pieces.

Inventory:

Hand Weapons
 a - a +0 war axe (weapon)
Missiles
 r - 2 throwing nets
Armour
 b - a +0 buckler (worn)
 i - a +0 cloak
 o - a scarf of repulsion (worn)
 y - a +2 pair of boots (worn)
Jewellery
 d - a ring of willpower (left hand)
 g - a ring of flight (right hand)
Wands
 h - a wand of charming (5) (quivered)
 u - a wand of mindburst (3)
Scrolls
 s - 2 scrolls of fog
 t - a scroll of magic mapping
 v - a scroll of amnesia
 w - 2 scrolls of teleportation
 A - a scroll of torment {unknown}
 B - 3 scrolls of identify
Potions
 c - a potion of might
 f - a potion of resistance
 k - 5 potions of lignification
 l - a potion of brilliance
 m - 3 potions of attraction
 n - 2 potions of cancellation


   Skills:
 + Level 7.1 Fighting
 + Level 6.2 Axes
 + Level 5.9 Dodging
 + Level 6.5 Shields
 + Level 3.8 Spellcasting
 + Level 4.0 Conjurations


You had 13 spell levels left.
You knew the following spells:

 Your Spells              Type           Power      Damage    Failure   Level
a - Searing Ray           Conj           24%        2d5       8%          2

Your spell library contained the following spells:

 Spells                   Type           Power      Damage    Failure   Level
 Magic Dart               Conj           48%        1d5       4%          1
 Portal Projectile        Hex/Tloc       4%         N/A       63%         3
 Tukima's Dance           Hex            2%         N/A       63%         3
 Fulminant Prism          Conj/Hex       3%         3d5       75%         4
 Blade Hands              Tmut           1%         N/A       100%        5


Dungeon Overview and Level Annotations

Branches:
Dungeon (7/15)
 Temple: D:4-7

Altars:
Hepliaklqana
Kikubaaqudgha
Makhleb
Vehumet
Yredelemnul

Annotations:
D:3 2 transporters, Menkaure, Terence


Innate Abilities, Weirdness & Mutations

You can breathe blasts of fire.
Your fiery red scales are hard. (AC +7)
You cannot fit into any form of body armour.
Your flesh is heat resistant. (rF+)
You are cold-blooded and may be slowed by cold attacks.


Message History

You feel invigorated.
You feel sick. The killer bee closely misses you. The killer bee stings you.
* * * LOW HITPOINT WARNING * * *
You are more poisoned.
The killer bee poisons you!
You miss the killer bee.
You feel sick. The killer bee closely misses you. The killer bee misses you.
The killer bee barely misses you.
You're too confused to move!
You feel less invigorated.
You feel less confused.
You feel sick. The killer bee barely misses you. x2
You closely miss the killer bee.
You feel sick. The killer bee stings you!
* * * LOW HITPOINT WARNING * * *
You are more poisoned.
The killer bee poisons you! The killer bee closely misses you.
You closely miss the killer bee. You tail-slap the killer bee!
The killer bee is severely wounded.
You feel very sick. The killer bee barely misses you.
The killer bee stings you but does no damage.
The killer bee stings you.
* * * LOW HITPOINT WARNING * * *
You are lethally poisoned!
The killer bee poisons you!
It was a potion of flight.
You feel more buoyant.
* * * LOW HITPOINT WARNING * * *
You feel very sick.
The killer bee stings you but does no damage.
The killer bee barely misses you.
Okay, then.
Okay, then.
Blink to where?
Press: ? - help, Dir - move target, p - killer bee
As you read the scroll labelled COAXORY ROCOCS, it crumbles to dust.
It was a scroll of blinking.
* * * LOW HITPOINT WARNING * * *
You feel very sick.
* * * LOW HITPOINT WARNING * * *
You feel sick.
You die...

............#...#.....(....
#...........#...#.........#
#####.......#._.#.........####
#####...#...#.[.......<$..
#...#...#.............
#.#.#...#.............
...#.##.##.............
#####...................
######....@......######..
........#####.y..### ........#
##..†#≈# ........# ###†#≈#
........# #§#≈# ........#
#.### #######[# #.# #.# ###
#.#


You could see a killer bee (unable to see you).

Vanquished Creatures
  Eustachio (D:4)
  2 steam dragons
  2 water moccasins
  2 black bears
  An orc warrior (D:6)
  3 ice beasts
  A sky beast (D:7)
  2 ogres
  2 phantoms
  3 bullfrogs (D:6)
  6 scorpions
  A gnoll sergeant (D:6)
  3 killer bees (D:7)
  3 hounds
  4 jellies
  An orc priest (D:6)
  4 iguanas
  An orc wizard (D:6)
  2 sleepcaps
  A statue (D:7)
  Robin (D:2)
  2 gnolls (D:6)
  4 adders
  An ufetubus (D:5)
  A worm (D:3)
  3 dart slugs
  11 orcs
  5 bats
  2 endoplasms (D:3)
  3 giant cockroaches
  18 goblins
  4 hobgoblins
  2 quokkas
  7 ball pythons
  4 frilled lizards
  3 kobolds
  6 rats
  A spectral orc (D:6)
123 creatures vanquished.

Vanquished Creatures (collateral kills)
  2 gnolls (D:6)
2 creatures vanquished.

Grand Total: 125 creatures vanquished

Notes
Turn   | Place    | Note
-------+----------+-------------------------------------------
     0 | D:1      | Pimp the Draconian Fighter began the quest for the Orb.
     0 | D:1      | Reached XP level 1. HP: 19/19 MP: 1/1
   235 | D:1      | Reached XP level 2. HP: 26/26 MP: 2/2
   771 | D:2      | Noticed Robin
   779 | D:2      | Reached XP level 3. HP: 18/33 MP: 3/3
   791 | D:2      | Killed Robin
  1381 | D:2      | Found a faded altar of an unknown god.
  1516 | D:3      | Reached XP level 4. HP: 39/40 MP: 4/4
  1580 | D:3      | Found a burning altar of Makhleb.
  1582 | D:3      | Noticed a green death
  1595 | D:3      | Reached skill level 4 in Fighting
  1730 | D:3      | Noticed Terence
  1751 | D:3      | Found an ancient bone altar of Kikubaaqudgha.
  1752 | D:3      | Noticed a necrophage
  1753 | D:3      | Found a transporter.
  1754 | D:3      | Noticed Menkaure
  1761 | D:3      | Found a basalt altar of Yredelemnul.
  1778 | D:3      | Found a transporter.
  2475 | D:4      | Noticed Eustachio
  2494 | D:4      | Killed Eustachio
  2495 | D:4      | Reached XP level 5. HP: 12/47 MP: 5/5
  2652 | D:4      | Reached XP level 6. HP: 34/53 MP: 6/6
  3346 | D:5      | Entered Level 5 of the Dungeon
  3391 | D:5      | Noticed a water moccasin
  3407 | D:5      | Killed a water moccasin
  3408 | D:5      | Reached skill level 5 in Fighting
  3413 | D:5      | Your scales start taking on a fiery red colour.
  3413 | D:5      | Reached XP level 7. HP: 26/61 MP: 7/7
  3413 | D:5      | Gained mutation: Your flesh is heat resistant. (rF+) [Red
                  | Draconian growth]
  3541 | D:5      | Learned a level 2 spell: Searing Ray
  3769 | D:5      | Reached skill level 1 in Conjurations
  3911 | D:5      | Reached skill level 5 in Shields
  3911 | D:5      | Reached skill level 1 in Spellcasting
  4253 | D:6      | Noticed a steam dragon
  4272 | D:6      | Killed a steam dragon
  4273 | D:6      | Reached XP level 8. HP: 70/70 MP: 7/10
  4305 | D:6      | Reached skill level 6 in Fighting
  4305 | D:6      | Reached skill level 5 in Dodging
  4689 | D:6      | Reached skill level 5 in Axes
  5338 | D:6      | Found a hazy altar of Hepliaklqana.
  5390 | D:6      | Reached XP level 9. HP: 77/78 MP: 13/13
  5998 | D:7      | Reached skill level 7 in Fighting
  6190 | D:7      | Found a radiant altar of Vehumet.
  6207 | D:7      | Became a worshipper of Vehumet
  6284 | D:7      | HP: 2/79 [poisoned by a killer bee]
  6285 | D:7      | Succumbed to a killer bee's poison

Illustrated notes

Levels and vault maps discovered:
D:1:      sevenhm_arrival_forest_fort_large_2, layout_basic
D:2:      layout_basic, basic_ecumenical_altar, minmay_misc_feat_doors,
          kennysheep_generic_room_12, uniq_robin
D:3:      layout_basic, makhleb_altar_promises_db, gammafunk_temple_of_torment,
          uniq_terence
D:4:      layout_gridville, uniq_eustachio
D:5:      layout_rooms, columned_hall_lemuel
D:6:      lemuel_ice_spiral_2, layout_basic,
          nicolae_hepliaklqana_monster_ancestors, minmay_bent
D:7:      layout_rooms, vehumet_statue, minmay_temple_entry_glassed_door,
          serial_aquarium, aquarium_bridge_straight [aquarium_subvault_bridge,
          aquarium_subvault_window, aquarium_subvault_bridge,
          aquarium_subvault_wall], aquarium_bridge_long_separate
          [aquarium_subvault_bridge, aquarium_subvault_window,
          aquarium_subvault_bridge, aquarium_subvault_window,
          aquarium_subvault_bridge, aquarium_subvault_window],
          aquarium_window_corridor_1, aquarium_window_fake,
          aquarium_window_fake, aquarium_window_fake, aquarium_view_2b,
          aquarium_view_2c, aquarium_pool_side, st_stairs_9, patterned_corridor,
          uniq_duvessa

Skill      XL: |  1  2  3  4  5  6  7  8  9 |
---------------+----------------------------+-----
Dodging        | 3 4 5 |  5.9
Fighting       | 4 5 6 7 |  7.1
Axes           | 3 4 5 6 |  6.2
Shields        | 4 5 6 |  6.5
Conjurations   | 1 3 4 |  4.0
Spellcasting   | 1 3 |  3.8

Action                     |  1- 3 |  4- 6 |  7- 9 || total
---------------------------+-------+-------+-------++-------
  Melee: War axe           |    90 |   107 |   227 ||   424
         Tailslap          |     3 |    12 |    31 ||    46
   Cast: Searing Ray       |       |       |     1 ||     1
Ability: Breathe Fire      |       |       |    12 ||    12
  Evoke: Wand              |       |       |     8 ||     8
    Use: Scroll            |       |     9 |     6 ||    15
         Potion            |       |     1 |     6 ||     7
   Stab: Invisible         |       |       |     1 ||     1
 Armour: Skin              |    42 |    53 |    82 ||   177
  Dodge: Dodged            |    71 |   109 |   188 ||   368
         Repelled          |       |       |     1 ||     1
  Block: Buckler           |    19 |    31 |    80 ||   130

Table legend: (Time is in decaauts)
 A = Elapsed time spent in this place.
 B = Non-inter-level travel time spent in this place.
 C = Inter-level travel time spent in this place.
 D = Time resting spent in this place.
 E = Time spent auto-exploring this place.
 F = Levels seen in this place.
 G = Mean time per level.
                   A        B        C        D        E       F      G
               +--------+--------+--------+--------+--------+-----+--------+
         Total |   6434 |   6242 |    192 |   1135 |   3654 |   7 |  919.1 |
       Dungeon |   6434 |   6242 |    192 |   1135 |   3654 |   7 |  919.1 |
               +--------+--------+--------+--------+--------+-----+--------+

Top non-repeatable levels by time:
     D:6: 1547 daAuts
     D:4: 994 daAuts
     D:5: 964 daAuts
     D:3: 924 daAuts
     D:1: 782 daAuts
     D:2: 723 daAuts
     D:7: 497 daAuts
